 Dungeon Crawl Stone Soup version 0.29.1-1-gd02db6906a (webtiles) character file.

Game seed: 11723954866052259891

27 MisterFreud the Covert (level 3, -1/35 HPs)
             Began as a Gnoll Delver on Oct 4, 2022.
             Succumbed to an adder's poison
             ... on level 2 of the Dungeon.
             The game lasted 00:01:23 (590 turns).

MisterFreud the Covert (Gnoll Delver)                Turns: 590, Time: 00:01:23

Health: -1/35      AC:  3    Str: 11    XL:     3   Next: 10%
Magic:  3/3        EV: 13    Int: 11    God:
Gold:   27         SH:  0    Dex: 13    Spells: 3/3 levels left

rFire   . . .      SeeInvis .   a - +0 short sword
rCold   . . .      Faith    .   (no shield)
rNeg    . . .      Spirit   .   b - +0 leather armour
rPois   .          Reflect  .   (no helmet)
rElec   .          Harm     .   (no cloak)
rCorr   .          Rampage  .   (no gloves)
Will    .....                   (no boots)
Stlth   ++++......              (no amulet)
HPRegen 0.11/turn               (no ring)
MPRegen 0.08/turn               (no ring)

@: lethally poisoned (-1 -> -9)
A: fangs 1, strong nose, distributed training
a: no special abilities


You were on level 2 of the Dungeon.
You visited 1 branch of the dungeon, and saw 5 of its levels.

You collected 27 gold pieces.

Inventory:

Hand Weapons
 a - a +0 short sword (weapon)
Missiles
 j - 3 poisoned darts (quivered)
Armour
 b - a +0 leather armour (worn)
Wands
 g - a wand of digging (3)
Scrolls
 c - a scroll of fog
 d - a scroll of magic mapping
 k - a scroll of vulnerability {unknown}
Potions
 f - a potion of haste


   Skills:
 + Level 6.5 Fighting
 + Level 4.5 Short Blades
 + Level 0.6 Long Blades
 + Level 0.6 Axes
 + Level 0.6 Maces & Flails
 + Level 0.6 Polearms
 + Level 0.6 Staves
 + Level 0.6 Ranged Weapons
 + Level 0.6 Throwing
 + Level 0.6 Armour
 + Level 4.5 Dodging
 + Level 9.5 Stealth
 + Level 0.6 Shields
 + Level 0.6 Unarmed Combat
 + Level 0.6 Spellcasting
 + Level 0.4 Conjurations
 + Level 0.4 Hexes
 + Level 0.4 Summonings
 + Level 0.4 Necromancy
 + Level 0.4 Translocations
 + Level 0.4 Transmutations
 + Level 0.4 Fire Magic
 + Level 0.4 Ice Magic
 + Level 0.4 Air Magic
 + Level 0.4 Earth Magic
 + Level 0.4 Poison Magic
 + Level 0.8 Invocations
 + Level 0.6 Evocations


You had 3 spell levels left.
You didn't know any spells.
Your spell library was empty.

Dungeon Overview and Level Annotations

Branches:
Dungeon (6/15)
 Temple: D:4-7

Altars:

Annotations:
D:4 Grinder


Innate Abilities, Weirdness & Mutations

You have very sharp teeth.
Your uncanny sense of smell can sniff out nearby items.
Your experience applies equally to all skills.


Message History

You are too injured to fight recklessly!
You closely miss the adder.
The adder is heavily wounded.
You feel sick. The adder bites you.
You are more poisoned.
The adder poisons you!
You barely miss the adder.
The adder is heavily wounded.
You feel sick. The adder bites you but does no damage.
You are too injured to fight recklessly!
You hit the adder.
The adder is severely wounded.
You feel sick. The adder misses you. The adder bites you.
* * * LOW HITPOINT WARNING * * *
You are lethally poisoned!
The adder poisons you!
You barely miss the adder.
The adder is severely wounded.
* * * LOW HITPOINT WARNING * * *
You feel sick. The adder bites you.
* * * LOW HITPOINT WARNING * * *
You are more poisoned.
The adder poisons you!
It was a potion of magic.
Magic courses through your body.
* * * LOW HITPOINT WARNING * * *
You feel very sick. The adder bites you.
* * * LOW HITPOINT WARNING * * *
Blink to where?
Press: ? - help, Dir - move target
As you read the scroll labelled QEDEROG YSTEOPP, it crumbles to dust.
It was a scroll of blinking.
* * * LOW HITPOINT WARNING * * *
You feel sick.
Okay, then.
Unknown command.
The air fills with toxic fumes!
As you read the scroll labelled UGGIZ MAFRAO, it crumbles to dust.
It was a scroll of poison.
You die...

########## ## .......$#
#§ ....... #####§####
.... §§§§§§§§§#######.#
§§§§§§§§§#S§§....######
§§§§§§§§§§§#####......##
§§§§§§§§S## #.####...
§§§§§§§@§# #.# ###.
#######+## #.# #. #. #.#
#. # #>.#.# ###. .#..#.#
#... ...#.# #.#.
#...####... # # ∆
#..##..... .. .
#..#..##.


You could see 2 adders.

Vanquished Creatures
  2 adders (D:2)
  A dart slug (D:2)
  A ball python (D:2)
  A bat (D:2)
  A giant cockroach (D:2)
  A hobgoblin (D:4)
  A frilled lizard (D:2)
8 creatures vanquished.

Notes
Turn   | Place    | Note
-------+----------+-------------------------------------------
     0 | D:5      | Reached skill level 9 in Stealth
     0 | D:5      | MisterFreud the Gnoll Delver began the quest for the Orb.
     0 | D:5      | Reached XP level 1. HP: 23/23 MP: 1/1
    40 | D:4      | Noticed an ogre
    40 | D:4      | Noticed a jelly
    86 | D:5      | Noticed a bullfrog
   438 | D:5      | Noticed a scorpion
   449 | D:4      | Noticed Grinder
   489 | D:2      | Reached XP level 2. HP: 29/29 MP: 2/2
   518 | D:2      | Reached XP level 3. HP: 35/35 MP: 3/3
   589 | D:2      | HP: 1/35 [poisoned by an adder]
   590 | D:2      | Succumbed to an adder's poison

Illustrated notes

Levels and vault maps discovered:
D:2:      layout_rooms, hellmonk_ecumenical_altar_leap_of_faith, serial_shops,
          nicolae_shop_hallway_plus, moated_statue, nrook_uturn
D:3:      layout_loops_ring, kennysheep_generic_room_5, uniq_robin
D:4:      layout_basic, kennysheep_generic_room_13, uniq_grinder
D:5:      layout_rooms, minmay_misc_feat_encased
D:6:      layout_gridville, mainiacjoe_overflow_boulevard,
          nicolae_overflow_squiral, minmay_misc_feat_rows, uniq_blork_the_orc,
          uniq_prince_ribbit1, uniq_pikel

Skill      XL: | |
---------------+-+-----
Stealth        | |  9.5
Fighting       | |  6.5
Short Blades   | |  4.5
Long Blades    | |  0.6
Axes           | |  0.6
Maces & Flails | |  0.6
Polearms       | |  0.6
Staves         | |  0.6
Ranged Weapons | |  0.6
Throwing       | |  0.6
Armour         | |  0.6
Dodging        | |  4.5
Shields        | |  0.6
Unarmed Combat | |  0.6
Spellcasting   | |  0.6
Conjurations   | |  0.4
Hexes          | |  0.4
Summonings     | |  0.4
Necromancy     | |  0.4
Translocations | |  0.4
Transmutations | |  0.4
Fire Magic     | |  0.4
Ice Magic      | |  0.4
Air Magic      | |  0.4
Earth Magic    | |  0.4
Poison Magic   | |  0.4
Invocations    | |  0.8
Evocations     | |  0.6

Action                   || total
-------------------------++-------
Melee: Short sword       ||    39
       Bite              ||     3
  Use: Scroll            ||     3
       Potion            ||     1
 Stab: Sleeping          ||     6
Armor: Leather armour    ||     5
Dodge: Dodged            ||    26
